Map: Ultralove

Players

ManlyManMeat - Winner!

  • Race: Zerg Zerg
  • League: Platinum
  • Spawn Location: 7:00

MARV

  • Race: Zerg Zerg
  • League: Diamond
  • Spawn Location: 1:00

VOD

Have the link to the VOD?

Description

Time

  • Played on: June 22, 2025, 8:04 a.m.
  • Length: 14:04
Show
View Real Time Build Order
Export as new Build Order

ManlyManMeat Zerg - Winner!

Build Orders: Hatch First 

Get SALT Encoding   

  12  0:00  Drone  
  13  0:08  Drone  
  14  0:17  Overlord  
  15  0:35  Drone x2  
  16  0:47  Hatchery  
  15  0:50  Drone  
  15  0:55  Drone  
  17  1:08  Spawning Pool  
  16  1:11  Extractor  
  16  1:13  Drone  
  16  1:26  Drone x2  
  18  1:37  Drone  
  19  1:57  Zergling x4  
  19  1:59  Queen x2  
  25  2:01  Overlord  
  25  2:11  Drone  
  26  2:19  Spine Crawler  
  26  2:22  Spine Crawler  
  24  2:26  Zergling x2  
  24  2:27  Zergling x2  
  26  2:40  Drone  
  26  2:41  Drone x3  
  30  2:44  Metabolic Boost  
  30  2:56  Drone x2  
  30  2:57  Drone  
  33  3:09  Drone x2  
  35  3:14  Baneling Nest  
  34  3:21  Drone x2  
  34  3:23  Overlord  
  35  3:37  Zergling x6  
  35  3:38  Zergling x2  
  36  3:45  Hatchery  
  35  3:52  Drone x3  
  38  3:57  Baneling x2  
  38  3:58  Baneling x2  
  38  4:12  Drone x3  
  38  4:16  Overlord x2  
  41  4:24  Zergling x6  
  44  4:28  Overlord x2  
  44  4:38  Zergling x6  
  45  4:46  Zergling x10  
  45  4:52  Zergling x6  
  52  5:00  Zergling x4  
  53  5:08  Baneling x2  
  53  5:09  Zergling x6  
  53  5:13  Queen  
  57  5:31  Zergling x2  
  57  5:32  Zergling x16  
  51  5:56  Zergling x2  
  51  5:57  Zergling x18  
  58  5:59  Baneling x2  
  58  6:00  Baneling x2  
  58  6:01  Baneling  
  58  6:02  Zergling x2  
  59  6:11  Zergling x4  
  58  6:15  Zergling x8  
  57  6:31  Baneling x2  
  57  6:32  Drone x4  
  61  6:33  Drone, Zergling x2  
  61  6:34  Zergling x4  
  65  6:44  Baneling x4  
  65  6:45  Baneling x3  
  59  6:57  Baneling x4  
  59  6:58  Zergling x18  
  62  7:04  Hatchery  
  61  7:11  Zergling x12  
  61  7:15  Drone, Zergling x8  
  69  7:16  Zergling x2  
  70  7:25  Zergling x8  
  60  7:33  Baneling x4  
  56  7:39  Extractor  
  56  7:40  Queen  
  56  7:42  Baneling  
  52  8:11  Zergling x28  
  52  8:12  Zergling x4  
  65  8:29  Baneling  
  65  8:30  Baneling x2, Zergling x14  
  71  8:38  Baneling  
  71  8:39  Baneling x2  
  71  8:44  Zergling x6  
  63  9:07  Zergling x24  
  69  9:10  Zergling x8  
  69  9:12  Zergling x8  
  76  9:18  Overlord  
  74  9:26  Zergling x6  
  77  9:38  Zergling x8  
  76  9:41  Queen  
  76  9:43  Zergling x18  
  87  9:46  Baneling  
  87  9:47  Baneling x4  
  80  10:09  Zergling x14  
  86  10:21  Zergling x12  
  84  10:26  Drone  
  84  10:27  Zergling x2  
  84  10:28  Zergling x10  
  81  10:45  Zergling x2  
  81  10:46  Zergling x12  
  87  10:54  Overlord x3  
  87  10:58  Evolution Chamber  
  87  10:59  Drone  
  87  11:00  Drone  
  85  11:23  Zergling x4  
  85  11:24  Zergling x30  
  88  11:33  Zergling x8  
  88  11:37  Zergling x2  
  88  11:38  Zergling x2  
  89  11:42  Zergling x4  
  73  11:47  Zergling x4  
  73  11:48  Zergling x2  
  74  11:58  Zergling x8  
  75  12:06  Baneling x4  
  75  12:07  Baneling x4  
  61  12:16  Zergling x10  
  61  12:21  Drone x2  
  61  12:22  Drone  
  63  12:39  Zergling x14  
  70  12:45  Zergling x6  
  73  12:58  Zergling x12  
  75  13:21  Baneling x6, Zergling x2  
  75  13:22  Zergling x16  
  75  13:23  Drone  
  77  13:35  Zergling x2  
  77  13:36  Zergling x12  
  82  13:44  Zergling x8  
Show
View Real Time Build Order
Export as new Build Order

MARV Zerg 

Build Orders: Pool First 

Get SALT Encoding   

  12  0:01  Drone  
  13  0:19  Overlord  
  13  0:20  Drone  
  14  0:38  Drone x2  
  14  0:41  Extractor  
  15  0:45  Spawning Pool  
  15  0:47  Drone  
  15  0:52  Drone  
  16  1:06  Drone  
  17  1:19  Hatchery  
  16  1:34  Queen  
  18  1:40  Zergling x2  
  18  1:46  Metabolic Boost  
  19  1:55  Overlord  
  19  2:06  Drone x2  
  21  2:17  Queen  
  21  2:20  Drone  
  24  2:28  Drone  
  25  2:37  Zergling x4  
  25  2:41  Baneling Nest  
  26  2:49  Zergling x4  
  26  2:50  Zergling x2  
  29  2:55  Drone  
  29  2:56  Drone  
  31  3:03  Drone x2  
  33  3:11  Overlord  
  33  3:19  Drone x3  
  36  3:27  Baneling  
  36  3:28  Baneling  
  36  3:34  Drone x4  
  36  3:35  Drone  
  36  3:40  Baneling  
  39  3:42  Baneling  
  39  3:48  Drone x2  
  39  3:49  Drone  
  39  3:53  Overlord  
  42  4:01  Drone  
  42  4:02  Overlord  
  43  4:12  Zergling x4  
  43  4:13  Queen  
  47  4:22  Extractor  
  46  4:26  Zergling x8  
  46  4:30  Hatchery  
  46  4:48  Baneling x3  
  46  4:50  Zergling x8  
  50  4:55  Zergling x2  
  50  4:58  Evolution Chamber  
  49  5:00  Evolution Chamber  
  47  5:09  Overlord  
  47  5:10  Zergling x4  
  49  5:14  Baneling x2  
  49  5:15  Baneling x7  
  49  5:16  Baneling x4  
  49  5:21  Overlord x2  
  48  5:30  Baneling x4  
  48  5:31  Zergling x8  
  50  5:45  Zergling x6  
  50  5:54  Zergling x2  
  50  5:55  Zergling x16  
  57  6:01  Baneling x2  
  57  6:02  Baneling x6  
  55  6:11  Baneling x2  
  55  6:12  Zergling x6  
  58  6:18  Baneling  
  52  6:29  Zergling x2  
  52  6:30  Zergling x10  
  56  6:32  Baneling  
  56  6:33  Baneling x4  
  55  6:43  Extractor  
  55  6:44  Baneling  
  55  6:45  Baneling x2  
  54  6:47  Zergling x10  
  54  6:48  Extractor  
  55  7:06  Zerg Melee Weapons Level 1  
  55  7:17  Baneling x2  
  55  7:18  Baneling x2  
  55  7:19  Drone x6  
  55  7:20  Drone x5  
  64  7:29  Baneling x4  
  56  7:31  Zergling x10  
  60  7:38  Spine Crawler  
  55  7:45  Zerg Ground Armor Level 1  
  55  7:47  Drone  
  55  7:48  Drone x2  
  57  7:57  Baneling x6  
  56  8:06  Zergling x4  
  56  8:07  Zergling x8  
  62  8:13  Spine Crawler  
  62  8:17  Spine Crawler  
  59  8:26  Baneling x4  
  58  8:30  Baneling  
  57  8:40  Spine Crawler  
  57  8:41  Zergling x8  
  57  8:42  Spine Crawler, Zergling x8  
  57  8:47  Lair  
  61  9:00  Baneling x7  
  61  9:01  Baneling x7  
  60  9:07  Baneling x4  
  60  9:08  Baneling x2  
  45  9:19  Zergling x10  
  43  9:25  Drone x3  
  44  9:38  Baneling  
  44  9:39  Drone x2, Baneling  
  44  9:40  Drone  
  44  9:45  Baneling x5  
  47  9:52  Centrifugal Hooks  
  45  10:19  Zergling x14  
  45  10:20  Zergling x4  
  48  10:29  Drone x2  
  48  10:32  Baneling x2  
  50  10:38  Spine Crawler  
  50  10:41  Drone x4  
  50  10:42  Drone  
  54  10:46  Drone  
  54  10:58  Zergling x6  
  54  10:59  Zergling x4  
  59  11:08  Zergling x10  
  63  11:12  Drone  
  63  11:14  Zerg Melee Weapons Level 2  
  63  11:22  Baneling x5  
  63  11:23  Baneling x2  
  57  11:36  Zergling x4  
  57  11:37  Zergling x10  
  39  11:51  Zergling x10  
  42  11:56  Baneling  
  42  11:57  Baneling x4  
  42  12:13  Drone x6  
  45  12:23  Baneling x7  
  45  12:24  Baneling  
  45  12:36  Drone x3  
  37  12:48  Drone  
  37  12:49  Drone x3  
  41  12:53  Baneling  
  42  12:58  Drone x2  
  38  13:17  Zergling x8  
  38  13:18  Zergling x8  
  42  13:38  Zergling x6  
  42  13:39  Zergling x2  
  40  13:45  Zergling x10  
  40  13:46  Zergling x4  
Tags
 
Add a new tag
Caveats
  • Supply blocks, unpowered buildings, or Contaminate may cause inaccurate times.
  • Supply counts are checked every 10 seconds.